 Dungeon Crawl Stone Soup version 0.31-a0-851-g7ff8af7976 (webtiles) character file.

Game seed: 9123487328026558834

38 promet the Stinger (level 3, -1/20 HPs)
             Began as a Deep Elf Venom Mage on Oct 5, 2023.
             Slain by a hobgoblin (5 damage)
             ... on level 2 of the Dungeon.
             The game lasted 00:07:58 (1432 turns).

promet the Stinger (Deep Elf Venom Mage)            Turns: 1432, Time: 00:07:59

Health: -1/20      AC:  2    Str:  7    XL:     3   Next: 25%
Magic:  1/10       EV: 12    Int: 19    God:
Gold:   53         SH:  0    Dex: 15    Spells: 6/9 levels left

rFire   . . .        a - +0 spear
rCold   . . .        (no shield)
rNeg    . . .        h - +0 robe
rPois   .            (no helmet)
rElec   .            (no cloak)
rCorr   .            (no gloves)
SInv    .            (no boots)
Will    .....        (no amulet)
Stlth   ++           (no ring)
HPRegen 0.23/turn    (no ring)
MPRegen 0.12/turn

%: no passive effects
@: no status effects
A: no striking features
a: no special abilities


You were on level 2 of the Dungeon.
You visited 1 branch of the dungeon, and saw 2 of its levels.

You collected 53 gold pieces.

Inventory:

Hand Weapons
 a - a +0 spear (weapon)
 b - a +0 sling
 j - a +0 mace
Missiles
 d - 3 stones
 m - 3 poisoned darts
Armour
 h - a +0 robe (worn)
Scrolls
 c - 2 scrolls of identify {unknown}
 f - a scroll of fog {unknown}
Potions
 e - a potion of curing {unknown}
 g - a potion of brilliance {unknown}
 i - a potion of cancellation {unknown}
 k - a potion of mutation {unknown}
 l - 2 potions of magic


   Skills:
 * Level 0.4 Fighting
 * Level 0.2 Polearms
 + Level 2.5 Dodging
 + Level 3.2 Stealth
 + Level 0.1 Unarmed Combat
 + Level 3.6 Spellcasting
 + Level 1.2 Transmutations
 + Level 3.6 Poison Magic


You had 6 spell levels left.
You knew the following spells:

 Your Spells              Type           Power      Damage    Failure   Level
a - Sting                 Tmut/Pois      48%        1d5       5%          1
b - Poisonous Vapours     Pois/Air       20%        N/A       11%         2

Your spell library contained the following spells:

 Spells                   Type           Power      Damage    Failure   Level
 Sandblast                Erth           6%         2d5       14%         1
 Passwall                 Tmut/Erth      4%         N/A       17%         2
 Mephitic Cloud           Conj/Pois/Air  8%         N/A       26%         3
 Olgreb's Toxic Radiance  Pois           17%        N/A       32%         4
 Stone Arrow              Conj/Erth      6%         3d7       41%         3
 Brom's Barrelling Bould  Conj/Erth      3%         2d3       82%         4


Dungeon Overview and Level Annotations

Branches:
Dungeon (2/15)

Altars:


Message History

Aim: an adder (severely wounded) Poisonous vapours surround the adder!
The adder is poisoned.
You feel sick. The adder bites you.
You barely miss the hobgoblin.
You feel sick. The adder bites you. The hobgoblin hits you.
* * * LOW HITPOINT WARNING * * *
The adder barely misses you.
Casting: Poisonous Vapours (safe; 11% risk of failure)
Confirm with . or Enter, or press ? or * to list all spells.
Aiming: Sting (safe; 5% risk of failure)
Press: ? - help, Shift-Dir - straight line, f/p - adder
Aim: an adder (almost dead, poisoned, 53% to hit)
The sting misses the adder.
You feel sick. The adder closely misses you.
The hobgoblin completely misses you.
You hit the adder.
You kill the adder!
You feel sick.
You are no longer poisoned.
The hobgoblin barely misses you.
You barely miss the hobgoblin. The hobgoblin closely misses you.
You closely miss the hobgoblin. The hobgoblin hits you.
* * * LOW HITPOINT WARNING * * *
Casting: Sting (safe; 5% risk of failure)
Confirm with . or Enter, or press ? or * to list all spells.
Aiming: Sting (safe; 5% risk of failure)
Press: ? - help, Shift-Dir - straight line, f - hobgoblin
Aim: a hobgoblin (71% to hit)
The sting misses the hobgoblin.
The hobgoblin hits you.
* * * LOW HITPOINT WARNING * * *
Casting: Sting (safe; 5% risk of failure)
Confirm with . or Enter, or press ? or * to list all spells.
Aiming: Poisonous Vapours (safe; 11% risk of failure)
Press: ? - help, Dir - move target, f/p - hobgoblin
Aim: a hobgoblin Poisonous vapours surround the hobgoblin!
The hobgoblin is poisoned.
The hobgoblin closely misses you.
You hit the hobgoblin but do no damage.
The hobgoblin is heavily wounded.
The hobgoblin hits you.
You die...

#.#.###.#####.###
########.#..............
#........#####>..###.#
#........# #.#.###
#.......)# #.#...##
#........# #.###..## #
#........# #.####..###.#
#........##
.............#
#........@#
.#.######.####
######.#†g# #. #..##
........ ##..##
............ ########..#
............###..........
............# #..........
............# #..........
.#.....##### #..........
#..........


You could see a hobgoblin (poisoned).

Vanquished Creatures
  2 adders (D:2)
  A dart slug (D:1)
  An endoplasm (D:2)
  A giant cockroach (D:1)
  3 hobgoblins
  A kobold (D:1)
  4 ball pythons (D:1)
  3 bats
  A frilled lizard (D:1)
  2 rats (D:1)
19 creatures vanquished.

Notes
Turn   | Place    | Note
-------+----------+-------------------------------------------
     0 | D:1      | promet the Deep Elf Venom Mage began the quest for the Orb.
     0 | D:1      | Reached XP level 1. HP: 10/10 MP: 6/6
   615 | D:1      | Reached XP level 2. HP: 10/15 MP: 5/8
   751 | D:1      | Learned a level 2 spell: Poisonous Vapours
  1212 | D:2      | Reached XP level 3. HP: 13/20 MP: 5/9
  1432 | D:2      | Slain by a hobgoblin

Illustrated notes

Levels and vault maps discovered:
D:1:      sevenhm_arrival_forest_fort_small_5, layout_rooms, serial_glass,
          glass_columns_c, glass_columns_b, glass_columns_a, glass_columns_a,
          glass_columns_c, glass_columns_a, glass_columns_c, glass_columns_c,
          glass_columns_c, glass_columns_b, patterned_corridor
D:2:      layout_basic, basic_altar, minmay_heptomino_d4

Skill      XL: |  1  2 |
---------------+-------+-----
Stealth        | 3 |  3.2
Fighting       | |  0.4
Polearms       | |  0.2
Dodging        | |  2.5
Unarmed Combat | |  0.1
Spellcasting   | |  3.6
Transmutations | |  1.2
Poison Magic   | |  3.6

Action                     || total
---------------------------++-------
  Melee: Unarmed           ||     3
         Spear             ||    25
   Fire: Sling             ||     3
   Cast: Sting             ||    17
         Poisonous Vapours ||     8
   Stab: Sleeping          ||     1
 Armour: Robe              ||    20
  Dodge: Dodged            ||    29

Table legend: (Time is in decaauts)
 A = Elapsed time spent in this place.
 B = Non-inter-level travel time spent in this place.
 C = Inter-level travel time spent in this place.
 D = Time resting spent in this place.
 E = Time spent auto-exploring this place.
 F = Levels seen in this place.
 G = Mean time per level.
                   A        B        C        D        E       F      G
               +--------+--------+--------+--------+--------+-----+--------+
         Total |   1436 |   1409 |     27 |    386 |    241 |   2 |  718.0 |
       Dungeon |   1436 |   1409 |     27 |    386 |    241 |   2 |  718.0 |
               +--------+--------+--------+--------+--------+-----+--------+

Top non-repeatable levels by time:
     D:1: 1048 daAuts
     D:2: 387 daAuts
